 Dungeon Sprint DCSS version 0.26-a0-752-gcff87cac9a (webtiles) character file.

Game seed: 10058918733371169675

20308 sahdkjhfkaj the Genius of the Arcane (level 12, -1/102 HPs)
             Began as a Gnoll Ice Elementalist on Nov 6, 2020.
             Was the Champion of Sif Muna.
             Slain by a tengu reaver
             ... wielding a +0 broad axe
              (30 damage)
             ... in the Dungeon (Sprint IX: "|||||||||||||||||||||||||||||").
             The game lasted 00:09:27 (5227 turns).

sahdkjhfkaj the Genius of the Arcane (GnIE)         Turns: 5227, Time: 00:09:28

Health: -1/102     AC:  9    Str: 14    XL:     12   Next: 78%
Magic:  23/28      EV: 18    Int: 24    God:    Sif Muna [******]
Gold:   1918       SH:  0    Dex: 10    Spells: 18/36 levels left

rFire    + . .     SeeInvis +   l - +2 scimitar of the Enchanted Forest {vorpal, rElec Str+2 Int+2 Dex-5}
rCold    . . .     Faith    .   (no shield)
rNeg     . . .     Spirit   .   a - +0 robe
rPois    .         Reflect  .   w - +1 hat {MR+}
rElec    +         Harm     .   b - +0 cloak
rCorr    .         Rampage  .   v - +0 pair of gloves
MR       +....     NoTele   +   n - +1 pair of boots
Stlth    +++++.....             z - amulet of the acrobat
HPRegen  0.27/turn              y - ring of see invisible
MPRegen  0.21/turn              x - ring of protection from fire

@: frozen ramparts, very slightly contaminated
A: distributed training, fangs 1, strong nose
a: Channel Magic, Forget Spell, Divine Exegesis, Renounce Religion


You were in the Dungeon.
You worshipped Sif Muna.
Sif Muna was exalted by your worship.
You visited 1 branch You collected 1918 gold pieces.

Inventory:

Hand Weapons
 l - the +2 scimitar of the Enchanted Forest (weapon) {vorpal, rElec Str+2 Int+2 Dex-5}
   (You found it in the Dungeon)

   It inflicts extra damage upon your enemies.
   It affects your strength (+2).
   It affects your intelligence (+2).
   It affects your dexterity (-5).
   It insulates you from electricity.
Armour
 a - a +0 robe (worn)
 b - a +0 cloak (worn)
 n - a +1 pair of boots (worn)
 v - a +0 pair of gloves (worn)
 w - a +1 hat of magic resistance (worn)
Jewellery
 x - a ring of protection from fire (right hand)
 y - a ring of see invisible (left hand)
 z - an amulet of the acrobat (around neck)
Wands
 k - a wand of iceblast (10)
Scrolls
 h - 8 scrolls of remove curse {!r}
 i - 2 scrolls of amnesia {!r}
 j - 6 scrolls of blinking {!r}
 r - a scroll of identify {!r}
 s - a scroll of brand weapon {!r}
 t - 4 scrolls of enchant armour {!r}
 u - 2 scrolls of enchant weapon {!r}
Potions
 c - 7 potions of curing {!q}
 d - a potion of invisibility {!q}
 e - 2 potions of haste {!q}
 f - 3 potions of magic {!q}
 g - 7 potions of heal wounds {!q}
 p - 2 potions of brilliance {!q}
 q - 2 potions of berserk rage {!q}


   Skills:
 + Level 12.0 Fighting
 + Level 12.0 Short Blades
 + Level 12.0 Long Blades
 + Level 12.0 Axes
 + Level 12.0 Maces & Flails
 + Level 12.0 Polearms
 + Level 12.0 Staves
 + Level 12.0 Slings
 + Level 12.0 Bows
 + Level 12.0 Crossbows
 + Level 12.0 Throwing
 + Level 12.0 Armour
 + Level 12.7 Dodging
 + Level 12.6 Stealth
 + Level 12.0 Shields
 + Level 12.0 Unarmed Combat
 + Level 12.9 Spellcasting
 + Level 10.3 Conjurations
 + Level 10.3 Hexes
 + Level 10.3 Summonings
 + Level 10.3 Necromancy
 + Level 10.3 Translocations
 + Level 10.3 Transmutations
 + Level 10.3 Fire Magic
 + Level 12.2 Ice Magic
 + Level 10.3 Air Magic
 + Level 10.3 Earth Magic
 + Level 10.3 Poison Magic
 + Level 13.0 Invocations
 + Level 12.0 Evocations


You had 18 spell levels left.
You knew the following spells:

 Your Spells              Type           Power        Failure   Level
a - Freeze                Ice            ####         1%          1
b - Frozen Ramparts       Ice            ######       1%          3
e - Borgnjor's Vile Clut  Necr/Erth      ######....   1%          5
A - Irradiate             Conj/Tmut      ######....   1%          5
P - Summon Lightning Spi  Summ/Air       ######..     1%          4

Your spell library contained the following spells:

 Spells                   Type           Power        Failure   Level
 Animate Skeleton         Necr           ######       1%          1
 Foxfire                  Conj/Fire      ####         1%          1
 Magic Dart               Conj           ####         1%          1
 Shock                    Conj/Air       ####         1%          1
 Summon Small Mammal      Summ           ####         1%          1
 Blink                    Tloc           N/A          1%          2
 Call Imp                 Summ           ######..     1%          2
 Ensorcelled Hibernation  Hex/Ice        ######       1%          2
 Poisonous Vapours        Pois/Air       ######       1%          2
 Searing Ray              Conj           ######       1%          2
 Confusing Touch          Hex            ######..     1%          3
 Conjure Flame            Conj/Fire      ######..     1%          3
 Dazzling Flash           Conj/Hex       ######       1%          3
 Gell's Gravitas          Tloc           ######....   1%          3
 Mephitic Cloud           Conj/Pois/Air  ######..     1%          3
 Ozocubu's Armour         Ice            ######..     1%          3
 Portal Projectile        Hex/Tloc       ######       1%          3
 Static Discharge         Conj/Air       ######..     1%          3
 Teleport Other           Tloc           ######..     1%          3
 Animate Dead             Necr           ######....   1%          4
 Fulminant Prism          Conj/Hex       ######....   1%          4
 Hailstorm                Conj/Ice       ######..     1%          4
 Iskenderun's Mystic Bla  Conj/Tloc      ######..     1%          4
 Leda's Liquefaction      Hex/Erth       ######....   1%          4
 Summon Ice Beast         Ice/Summ       ######..     1%          4
 Iskenderun's Battlesphe  Conj           ######..     1%          5
 Metabolic Englaciation   Hex/Ice        ######....   1%          5
 Summon Demon             Summ           ######....   1%          5
 Summon Forest            Summ/Tloc      ######....   1%          5
 Summon Mana Viper        Hex/Summ       ######..     1%          5
 Yara's Violent Unravell  Hex/Tmut       ######....   1%          5
 Conjure Ball Lightning   Conj/Air       ######....   9%          6
 Invisibility             Hex            ######..     9%          6
 Haunt                    Necr/Summ      ######....   43%         7
 Summon Greater Demon     Summ           ######....   43%         7
 Chain Lightning          Conj/Air       ######....   98%         8
 Infestation              Necr           ######....   98%         8
 Necromutation            Tmut/Necr      ######....   98%         8
 Summon Horrible Things   Summ           ######....   98%         8


Dungeon Overview and Level Annotations

Branches:
Dungeon (1/1)

Altars:
Cheibriados
Dithmenos
Elyvilon
Fedhas
Gozag
Hepliaklqana
Kikubaaqudgha
Makhleb
Nemelex Xobeh
Okawaru
Qazlal
Ru
Sif Muna
Trog
Uskayaw
Vehumet
Wu Jian
Xom
Yredelemnul
Zin
The Shining One
Beogh
Jiyva
Lugonu

Shops:
D (*([


Innate Abilities, Weirdness & Mutations

Your experience applies equally to all skills.
You have very sharp teeth.
Your uncanny sense of smell can sniff out nearby items.


Message History

Aim: a tengu reaver, wielding a +0 broad axe, wearing a +0 scale mail and wearing a +0 buckler (lightly wounded) Zombie hands grab the tengu reaver.
The battlesphere is unaffected.
The slime creature is unaffected.
Zombie hands grab the ball python skeleton.
The white very ugly thing gurgles horribly!
The zombie hands constrict the ball python skeleton!
You destroy the ball python skeleton!
Sif Muna accepts your kill.
The zombie hands constrict the tengu reaver.
You feel sick.
The wall freezes the tengu reaver.
The tengu reaver escapes!
Unknown command.
Unknown command.
Really quaff
c - 8 potions of curing {!q}?
You feel better.
The battlesphere completely resists.
The wall freezes the battlesphere but do no damage.
The battlesphere completely resists.
The wall freezes the battlesphere but do no damage.
The wall freezes the tengu reaver.
The tengu reaver hits you with a +0 broad axe!!
You die...

▓_▓.▓.▓.▓.▓.▓.▓
▓_▓.▓.▓.▓.▓.▓(▓
▓_▓.▓.▓.▓'▓.▓(▓
▓)▓.▓'▓.▓)▓.▓.▓
▓.▓.▓†▓.▓)▓.▓:▓
▓)▓.▓.▓.▓)▓.▓.▓
▓)▓.▓.▓.▓.▓.▓(▓
▓.▓.▓.▓.▓)▓.▓.▓
▓.▓.▓.▓.▓∩▓.▓@▓
▓.▓.▓.▓.▓.▓.▓Q▓
▓[▓.▓.▓.▓∩▓.▓*▓
▓.▓.▓.▓.▓.▓.▓J▓
▓(▓.▓?▓.▓∩▓.▓.▓
▓)▓.▓.▓.▓.▓.▓u▓
▓.▓.▓.▓.▓∩▓.▓.▓
▓.▓.▓[▓.▓.▓.▓.▓
▓.▓.▓'▓.▓)▓.▓.▓


You could see a white very ugly thing, a tengu reaver, a slime creature and a
battlesphere.

Vanquished Creatures
  Gastronok (D)
  A stone giant (D)
  3 hydras (D)
  A catoblepas (D)
  3 centaur warriors (D)
  2 two-headed ogres (D)
  5 orc high priests (D)
  2 orc knights (D)
  An elephant (D)
  A black mamba (D)
  6 cane toads (D)
  A cane toad (shapeshifter) (D)
  A rime drake (D)
  2 yaktaurs (D)
  2 komodo dragons (D)
  2 tyrant leeches (D)
  A blink frog (D)
  A slime creature (D)
  A wyvern (D)
  A yak (D)
  A basilisk (D)
  A steam dragon (D)
  2 vampire mosquitoes (D)
  2 water moccasins (D)
  12 orc warriors (D)
  A necrophage (D)
  2 eyes of draining (D)
  An ogre (D)
  3 bullfrogs (D)
  A scorpion (D)
  A wight (D)
  A jelly (D)
  A hound (D)
  8 orc priests (D)
  A worker ant (D)
  7 orc wizards (D)
  A shadow imp (D)
  A dart slug (D)
  5 orcs (D)
  A giant cockroach (D)
  A goblin (D)
  A hobgoblin (D)
  A ball python skeleton (D)
  A frilled lizard (D)
  A quokka zombie (D)
96 creatures vanquished.

Notes
Turn   | Place    | Note
-------+----------+-------------------------------------------
     0 | D        | sahdkjhfkaj the Gnoll Ice Elementalist began the quest for
                  | the Orb.
     0 | D        | Reached XP level 1. HP: 13/13 MP: 6/6
     9 | D        | Reached skill level 5 in Spellcasting
     9 | D        | Reached skill level 1 in Invocations
    13 | D        | Reached skill level 1 in Fighting
    13 | D        | Reached skill level 1 in Short Blades
    13 | D        | Reached skill level 1 in Long Blades
    13 | D        | Reached skill level 1 in Axes
    13 | D        | Reached skill level 1 in Maces & Flails
    13 | D        | Reached skill level 1 in Polearms
    13 | D        | Reached skill level 1 in Staves
    13 | D        | Reached skill level 1 in Slings
    13 | D        | Reached skill level 1 in Bows
    13 | D        | Reached skill level 1 in Crossbows
    13 | D        | Reached skill level 1 in Throwing
    13 | D        | Reached skill level 1 in Armour
    13 | D        | Reached skill level 1 in Shields
    13 | D        | Reached skill level 1 in Unarmed Combat
    13 | D        | Reached skill level 1 in Evocations
    15 | D        | Reached XP level 2. HP: 17/21 MP: 0/8
    95 | D        | Noticed an ogre
    95 | D        | Noticed an ice beast
    99 | D        | Reached skill level 5 in Dodging
    99 | D        | Reached skill level 1 in Conjurations
    99 | D        | Reached skill level 1 in Hexes
    99 | D        | Reached skill level 1 in Summonings
    99 | D        | Reached skill level 1 in Necromancy
    99 | D        | Reached skill level 1 in Translocations
    99 | D        | Reached skill level 1 in Transmutations
    99 | D        | Reached skill level 1 in Fire Magic
    99 | D        | Reached skill level 1 in Air Magic
    99 | D        | Reached skill level 1 in Earth Magic
    99 | D        | Reached skill level 1 in Poison Magic
    99 | D        | Reached skill level 2 in Invocations
    99 | D        | Reached XP level 3. HP: 27/27 MP: 5/9
   113 | D        | HP: 1/27 [shadow imp/nerve-wracking pain (3)]
   130 | D        | Killed an ogre
   130 | D        | Reached skill level 5 in Stealth
   130 | D        | Reached skill level 3 in Invocations
   130 | D        | Reached XP level 4. HP: 6/35 MP: 1/12
   130 | D        | Reached XP level 5. HP: 7/41 MP: 1/13
   503 | D        | Learned a level 3 spell: Frozen Ramparts
   857 | D        | Found a roughly hewn altar of Beogh.
   857 | D        | Found a snail-covered altar of Cheibriados.
   857 | D        | Found a shadowy altar of Dithmenos.
   857 | D        | Found a white marble altar of Elyvilon.
   857 | D        | Found a blossoming altar of Fedhas.
   857 | D        | Found an opulent altar of Gozag.
   858 | D        | Found a hazy altar of Hepliaklqana.
   859 | D        | Found a viscous altar of Jiyva.
   860 | D        | Found an ancient bone altar of Kikubaaqudgha.
   861 | D        | Found a corrupted altar of Lugonu.
   862 | D        | Found a burning altar of Makhleb.
   863 | D        | Found a sparkling altar of Nemelex Xobeh.
   864 | D        | Found an iron altar of Okawaru.
   865 | D        | Found a stormy altar of Qazlal.
   866 | D        | Found a sacrificial altar of Ru.
   867 | D        | Found a shimmering blue altar of Sif Muna.
   868 | D        | Found a bloodstained altar of Trog.
   869 | D        | Found a hide-covered altar of Uskayaw.
   870 | D        | Found a radiant altar of Vehumet.
   871 | D        | Found an ornate altar of the Wu Jian Council.
   872 | D        | Found a shimmering altar of Xom.
   873 | D        | Found a basalt altar of Yredelemnul.
   874 | D        | Found a glowing silver altar of Zin.
   875 | D        | Became a worshipper of Sif Muna the Loreminder
   876 | D        | Found a glowing golden altar of the Shining One.
   894 | D        | Got the +2 scimitar of the Enchanted Forest {vorpal, rElec
                  | Str+2 Int+2 Dex-5}
   918 | D        | Noticed a necrophage
   918 | D        | Noticed a two-headed ogre
   918 | D        | Noticed a steam dragon
   930 | D        | Reached skill level 4 in Invocations
  1139 | D        | Reached * piety under Sif Muna
  1139 | D        | Reached XP level 6. HP: 48/48 MP: 12/15
  1142 | D        | Killed a necrophage
  1142 | D        | Reached skill level 5 in Invocations
  1148 | D        | Killed a steam dragon
  1148 | D        | Reached skill level 5 in Fighting
  1148 | D        | Reached skill level 5 in Short Blades
  1148 | D        | Reached skill level 5 in Long Blades
  1148 | D        | Reached skill level 5 in Axes
  1148 | D        | Reached skill level 5 in Maces & Flails
  1148 | D        | Reached skill level 5 in Polearms
  1148 | D        | Reached skill level 5 in Staves
  1148 | D        | Reached skill level 5 in Slings
  1148 | D        | Reached skill level 5 in Bows
  1148 | D        | Reached skill level 5 in Crossbows
  1148 | D        | Reached skill level 5 in Throwing
  1148 | D        | Reached skill level 5 in Armour
  1148 | D        | Reached skill level 5 in Shields
  1148 | D        | Reached skill level 5 in Unarmed Combat
  1148 | D        | Reached skill level 5 in Evocations
  1148 | D        | Reached XP level 7. HP: 26/56 MP: 6/17
  1149 | D        | Killed a two-headed ogre
  1149 | D        | Reached ** piety under Sif Muna
  1149 | D        | Reached skill level 5 in Conjurations
  1149 | D        | Reached skill level 5 in Hexes
  1149 | D        | Reached skill level 5 in Summonings
  1149 | D        | Reached skill level 5 in Necromancy
  1149 | D        | Reached skill level 5 in Translocations
  1149 | D        | Reached skill level 5 in Transmutations
  1149 | D        | Reached skill level 5 in Fire Magic
  1149 | D        | Reached skill level 5 in Air Magic
  1149 | D        | Reached skill level 5 in Earth Magic
  1149 | D        | Reached skill level 5 in Poison Magic
  1149 | D        | Reached skill level 7 in Invocations
  1149 | D        | Reached XP level 8. HP: 30/65 MP: 6/20
  1335 | D        | Noticed a centaur warrior
  1335 | D        | Noticed a two-headed ogre
  1350 | D        | Killed a centaur warrior
  1350 | D        | Reached skill level 8 in Invocations
  1350 | D        | Reached XP level 9. HP: 43/72 MP: 9/21
  1351 | D        | Reached *** piety under Sif Muna
  1362 | D        | Killed a two-headed ogre
  1713 | D        | Noticed a komodo dragon
  1713 | D        | Noticed a rime drake
  1713 | D        | Noticed a cane toad
  1721 | D        | Killed a komodo dragon
  1721 | D        | Reached **** piety under Sif Muna
  1723 | D        | Reached skill level 9 in Invocations
  1728 | D        | Killed a rime drake
  1728 | D        | Reached skill level 10 in Ice Magic
  1728 | D        | Reached XP level 10. HP: 56/82 MP: 20/23
  1731 | D        | Killed a cane toad
  1751 | D        | Reached ***** piety under Sif Muna
  1930 | D        | Identified Sif Muna's Collected Works on Cloudy Summoning
                  | (Sif Muna gifted it to you in the Dungeon)
  1930 | D        | Received a gift from Sif Muna
  1930 | D        | Reached skill level 10 in Spellcasting
  1962 | D        | Noticed a five-headed hydra
  1982 | D        | Killed a five-headed hydra
  1982 | D        | Reached skill level 10 in Dodging
  2018 | D        | Noticed a cane toad
  2018 | D        | Noticed a cane toad
  2018 | D        | Noticed a catoblepas
  2022 | D        | Killed a cane toad
  2022 | D        | Reached skill level 10 in Stealth
  2025 | D        | Killed a cane toad
  2188 | D        | Noticed a five-headed hydra
  2188 | D        | Noticed an elephant
  2215 | D        | Reached skill level 10 in Invocations
  2219 | D        | Killed a catoblepas
  2668 | D        | Killed a five-headed hydra
  2668 | D        | Reached XP level 11. HP: 90/90 MP: 21/25
  2805 | D        | Identified Sif Muna's Reference Book on the Entourage (Sif
                  | Muna gifted it to you in the Dungeon)
  2805 | D        | Received a gift from Sif Muna
  2915 | D        | Learned a level 4 spell: Summon Lightning Spire
  3034 | D        | Reached skill level 10 in Fighting
  3034 | D        | Reached skill level 10 in Short Blades
  3034 | D        | Reached skill level 10 in Long Blades
  3034 | D        | Reached skill level 10 in Axes
  3034 | D        | Reached skill level 10 in Maces & Flails
  3034 | D        | Reached skill level 10 in Polearms
  3034 | D        | Reached skill level 10 in Staves
  3034 | D        | Reached skill level 10 in Slings
  3034 | D        | Reached skill level 10 in Bows
  3034 | D        | Reached skill level 10 in Crossbows
  3034 | D        | Reached skill level 10 in Throwing
  3034 | D        | Reached skill level 10 in Armour
  3034 | D        | Reached skill level 10 in Shields
  3034 | D        | Reached skill level 10 in Unarmed Combat
  3034 | D        | Reached skill level 10 in Evocations
  3042 | D        | Reached skill level 11 in Invocations
  3050 | D        | Identified Sif Muna's Volume of Dusty Confrontation (Sif
                  | Muna gifted it to you in the Dungeon)
  3050 | D        | Received a gift from Sif Muna
  3380 | D        | Learned a level 5 spell: Borgnjor's Vile Clutch
  3386 | D        | Learned a level 5 spell: Irradiate
  3542 | D        | Noticed Gastronok
  3557 | D        | Killed Gastronok
  3892 | D        | Received a gift from Sif Muna
  3902 | D        | Reached ****** piety under Sif Muna
  4063 | D        | Noticed an orc knight
  4066 | D        | Noticed an orc knight
  4072 | D        | Identified Sif Muna's Tome of the Oath (Sif Muna gifted it
                  | to you in the Dungeon)
  4072 | D        | Received a gift from Sif Muna
  4085 | D        | Killed an orc knight
  4099 | D        | Killed an orc knight
  4414 | D        | Identified Peotauv's Compendium of Evil (Sif Muna gifted it
                  | to you in the Dungeon)
  4414 | D        | Received a gift from Sif Muna
  4431 | D        | Reached XP level 12. HP: 100/100 MP: 13/27
  4648 | D        | Found Qolin's Weapon Emporium.
  4648 | D        | Noticed an orc high priest
  4657 | D        | Killed an orc high priest
  4657 | D        | Identified Sif Muna's Collected Works on Feathery
                  | Translocation (Sif Muna gifted it to you in the Dungeon)
  4657 | D        | Received a gift from Sif Muna
  4657 | D        | Reached skill level 12 in Invocations
  4659 | D        | Noticed an orc high priest
  4663 | D        | Noticed an orc high priest
  4672 | D        | Killed an orc high priest
  4672 | D        | Killed an orc high priest
  4857 | D        | Found Facir's Assorted Antiques.
  4861 | D        | Found Ide Qenk's Weapon Emporium.
  4865 | D        | Found Ughaq's Antique Armour Shoppe.
  4869 | D        | Noticed an orc high priest
  4870 | D        | Noticed an orc high priest
  4879 | D        | Killed an orc high priest
  4882 | D        | Noticed a soul eater
  4882 | D        | Killed an orc high priest
  5202 | D        | Noticed a centaur warrior
  5202 | D        | Noticed a five-headed hydra
  5203 | D        | Noticed a centaur warrior
  5206 | D        | Identified Sif Muna's Papyrus of Contamination (Sif Muna
                  | gifted it to you in the Dungeon)
  5206 | D        | Received a gift from Sif Muna
  5207 | D        | Noticed a stone giant
  5209 | D        | Killed a five-headed hydra
  5209 | D        | Reached skill level 10 in Conjurations
  5209 | D        | Reached skill level 10 in Hexes
  5209 | D        | Reached skill level 10 in Summonings
  5209 | D        | Reached skill level 10 in Necromancy
  5209 | D        | Reached skill level 10 in Translocations
  5209 | D        | Reached skill level 10 in Transmutations
  5209 | D        | Reached skill level 10 in Fire Magic
  5209 | D        | Reached skill level 10 in Air Magic
  5209 | D        | Reached skill level 10 in Earth Magic
  5209 | D        | Reached skill level 10 in Poison Magic
  5214 | D        | Killed a centaur warrior
  5217 | D        | Noticed a tengu reaver
  5220 | D        | Killed a centaur warrior
  5220 | D        | Killed a stone giant
  5222 | D        | Identified Xical's Reference Book on the Damaging Oath (Sif
                  | Muna gifted it to you in the Dungeon)
  5222 | D        | Received a gift from Sif Muna
  5222 | D        | Reached skill level 13 in Invocations
  5225 | D        | Noticed a white very ugly thing
  5227 | D        | Slain by a tengu reaver

Illustrated notes

Levels and vault maps discovered:
D:        linesprint [early_d, line_temple, items_1, d_10, items_2, lair_1,
          lair_end, items_3, orc_1, orc_end, items_4, d_15, swamp_1, shoals_1,
          snake_1, spider_1, d_20, vaults_1, items_5, swamp_end, shoals_end,
          snake_end, spider_end, vaults_end, d_27, items_6, zot_1, zot_end,
          crypt_end, forest_end, elf_end, slime_end, tomb_end, abyss_end,
          pan_hell_end]

Skill      XL: |  1  2  3  4  5  6  7  8  9 10 11 12 |
---------------+-------------------------------------+-----
Spellcasting   | 5 6 7 8 9 10 11 12 | 12.9
Invocations    | 1 2 3 4 5 7 8 9 10 11 13 | 13.0
Fighting       | 1 3 4 5 6 7 8 9 11 12 | 12.0
Short Blades   | 1 3 4 5 6 7 8 9 11 12 | 12.0
Long Blades    | 1 3 4 5 6 7 8 9 11 12 | 12.0
Axes           | 1 3 4 5 6 7 8 9 11 12 | 12.0
Maces & Flails | 1 3 4 5 6 7 8 9 11 12 | 12.0
Polearms       | 1 3 4 5 6 7 8 9 11 12 | 12.0
Staves         | 1 3 4 5 6 7 8 9 11 12 | 12.0
Slings         | 1 3 4 5 6 7 8 9 11 12 | 12.0
Bows           | 1 3 4 5 6 7 8 9 11 12 | 12.0
Crossbows      | 1 3 4 5 6 7 8 9 11 12 | 12.0
Throwing       | 1 3 4 5 6 7 8 9 11 12 | 12.0
Armour         | 1 3 4 5 6 7 8 9 11 12 | 12.0
Shields        | 1 3 4 5 6 7 8 9 11 12 | 12.0
Unarmed Combat | 1 3 4 5 6 7 8 9 11 12 | 12.0
Evocations     | 1 3 4 5 6 7 8 9 11 12 | 12.0
Dodging        | 5 6 7 8 9 10 11 12 | 12.7
Conjurations   | 1 2 3 4 5 6 7 8 9 10 | 10.3
Hexes          | 1 2 3 4 5 6 7 8 9 10 | 10.3
Summonings     | 1 2 3 4 5 6 7 8 9 10 | 10.3
Necromancy     | 1 2 3 4 5 6 7 8 9 10 | 10.3
Translocations | 1 2 3 4 5 6 7 8 9 10 | 10.3
Transmutations | 1 2 3 4 5 6 7 8 9 10 | 10.3
Fire Magic     | 1 2 3 4 5 6 7 8 9 10 | 10.3
Air Magic      | 1 2 3 4 5 6 7 8 9 10 | 10.3
Earth Magic    | 1 2 3 4 5 6 7 8 9 10 | 10.3
Poison Magic   | 1 2 3 4 5 6 7 8 9 10 | 10.3
Stealth        | 5 6 7 8 9 10 11 12 | 12.6
Ice Magic      | 8 9 10 11 12 | 12.2

Action                   |  1- 3 |  4- 6 |  7- 9 | 10-12 || total
-------------------------+-------+-------+-------+-------++-------
Melee: Unarmed           |     1 |       |       |       ||     1
       Dagger            |    18 |     8 |       |       ||    26
       Punch             |     1 |     1 |       |     3 ||     5
       Bite              |       |     3 |       |     7 ||    10
       Scimitar          |       |     2 |     1 |    29 ||    32
 Cast: Freeze            |    17 |     5 |     1 |     3 ||    26
       Frozen Ramparts   |       |     6 |     4 |    19 ||    29
       Borgnjor's Vile C |       |       |       |    32 ||    32
       Summon Lightning  |       |       |       |     7 ||     7
       Irradiate         |       |       |       |     7 ||     7
  Use: Potion            |     2 |       |       |     3 ||     5
       Scroll            |       |     1 |       |       ||     1
Armor: Robe              |     1 |     1 |       |     9 ||    11
Dodge: Dodged            |    12 |    14 |     1 |    50 ||    77
       Rpst.: Scimitar   |       |     3 |       |     7 ||    10

Table legend: (Time is in decaauts)
 A = Elapsed time spent in this place.
 B = Non-inter-level travel time spent in this place.
 C = Inter-level travel time spent in this place.
 D = Time resting spent in this place.
 E = Time spent auto-exploring this place.
 F = Levels seen in this place.
 G = Mean time per level.
                   A        B        C        D        E       F      G
               +--------+--------+--------+--------+--------+-----+--------+
         Total |   5225 |   5225 |      0 |   3866 |    524 |   1 | 5225.0 |
       Dungeon |   5225 |   5225 |      0 |   3866 |    524 |   1 | 5225.0 |
               +--------+--------+--------+--------+--------+-----+--------+

Top non-repeatable levels by time:
       D: 5225 daAuts
